 Dungeon Crawl Stone Soup version bcrawl-1.27.5 (webtiles) character file.

Game seed: 13896016976337159983

118352 Faustar the Cudgeler (level 3, -5/29 HPs)
             Began as an Oni Skald on Aug 11, 2020.
             Slain by a sky beast (6 damage)
             ... on level 2 of the Dungeon.
             The game lasted 00:03:02 (793 turns).

Faustar the Cudgeler (Oni Skald)                     Turns: 793, Time: 00:03:03

Health: -5/29      AC:  3    Str: 15    XL:     3   Next: 12%
Magic:  2/7        EV: 12    Int: 14    God:
Gold:   69         SH:  2    Dex: 10    Spells: 1/4 levels left

rFire    . . .     SeeInvis .   a - +0 mace
rCold    . . .     Gourm    .   (no shield)
rNeg     . . .     Faith    .   b - +0 leather armour
rPois    .         Spirit   .   (helmet restricted)
rElec    .         Reflect  .   (no cloak)
rCorr    .         Harm     .   (no gloves)
MR       .....                  (no boots)
Stlth    +.........             (no amulet)
HPRegen  0.09/turn              (no ring)
MPRegen  0.10/turn              (no ring)

@: singing, very slightly contaminated
A: oni magic, claws 1, fangs 1, horns 1
a: no special abilities


You were on level 2 of the Dungeon.
You were hungry.

You visited 1 branch of the dungeon, and saw 2 of its levels.

You collected 69 gold pieces.

Inventory:

Hand Weapons
 a - a +0 mace (weapon)
Armour
 b - a +0 leather armour (worn)
Scrolls
 c - a scroll of enchant weapon {unknown}
 d - a scroll of fear
 h - a scroll of remove curse {unknown}
Potions
 f - a potion of brilliance {unknown}
 i - a potion of might {unknown}
 j - a potion of heal wounds {unknown}
 k - a potion of curing {unknown}
Comestibles
 e - a ration {!d}
 g - 3 chunks of flesh


   Skills:
 - Level 2.0 Fighting
 + Level 2.8 Maces & Flails
 + Level 1.6 Armour
 + Level 2.3 Dodging
 - Level 1.3 Spellcasting
   Level 1.3 Conjurations
   Level 1.3 Hexes
   Level 1.3 Charms
   Level 1.3 Summonings
   Level 1.3 Necromancy
   Level 1.3 Translocations
   Level 1.3 Transmutations
   Level 1.3 Fire Magic
   Level 1.3 Ice Magic
   Level 1.3 Air Magic
   Level 1.3 Earth Magic
   Level 1.3 Poison Magic


You had one spell level left.
You knew the following spells:

 Your Spells              Type           Power        Failure   Level  Hunger
a - Infusion              Chrm           #.......     16%         1    None
b - Song of Slaying       Chrm           #.......     24%         2    ###....

Your spell library contained the following spells:

 Spells                   Type           Power        Failure   Level  Hunger
 Sandblast                Erth           #.....       16%         1    None
 Ozocubu's Armour         Chrm/Ice       #.......     47%         3    #####..
 Regeneration             Chrm/Necr      #.........   47%         3    #####..
 Spectral Weapon          Hex/Chrm       #.......     47%         3    #####..


Dungeon Overview and Level Annotations

Branches:
Dungeon (2/12)

Altars:


Innate Abilities, Weirdness & Mutations

You learn spells by gaining experience, not through books or religion.
You only train spellcasting to practice magic.
You have sharp fingernails.
You have very sharp teeth.
You have a pair of small horns on your head.


Message History

The sky beast is heavily wounded.
You are no longer magically infusing your attacks.
The sky beast misses you. The sky beast barely misses you.
You hit the sky beast but do no damage.
You headbutt the sky beast, but do no damage.
Your bite misses the sky beast.
The sky beast is heavily wounded.
The sky beast hits you. The sky beast shocks you.
* * * LOW HITPOINT WARNING * * *
You closely miss the sky beast. Your bite misses the sky beast.
The sky beast is heavily wounded.
You block the sky beast's attack.
You hit the sky beast. Your headbutt misses the sky beast.
The sky beast is severely wounded.
The sky beast flickers out of sight!
Deactivating autopickup; reactivate with Ctrl-A.
Something hits you but does no damage. Something hits you.
* * * LOW HITPOINT WARNING * * *
Something shocks you.
You die...

###
..w..#######
#....).w#
#..####{# #.
###@# .Y
..#.# ###
#.#)# #.
#.#.#
###..##.#.#
..........#
######.###
###.# #...#


You could see a worm.

Vanquished Creatures
  2 dart slugs (D:1)
  A leopard gecko (D:1)
  2 bats (D:1)
  3 hobgoblins (D:1)
  5 jackals (D:1)
  3 kobolds
  2 frilled lizards (D:1)
  A goblin (D:1)
  A rat (D:1)
20 creatures vanquished.

Notes
Turn   | Place    | Note
-------+----------+-------------------------------------------
     0 | D:1      | Faustar the Oni Skald began the quest for the Orb.
     0 | D:1      | Reached XP level 1. HP: 17/17 MP: 4/4
    15 | D:1      | Reached skill level 1 in Armour
   125 | D:1      | Reached XP level 2. HP: 15/24 MP: 4/6
   582 | D:1      | Reached XP level 3. HP: 29/29 MP: 7/7
   773 | D:2      | Noticed a sky beast
   781 | D:2      | Learned a level 2 spell: Song of Slaying
   793 | D:2      | HP: 1/29 [something (2)]
   793 | D:2      | Slain by a sky beast

Skill      XL: |  1 |
---------------+----+-----
Armour         | 1 |  1.6
Dodging        | 2 |  2.3
Fighting       | |  2.0
Maces & Flails | |  2.8
Spellcasting   | |  1.3
Conjurations   | |  1.3
Hexes          | |  1.3
Charms         | |  1.3
Summonings     | |  1.3
Necromancy     | |  1.3
Translocations | |  1.3
Transmutations | |  1.3
Fire Magic     | |  1.3
Ice Magic      | |  1.3
Air Magic      | |  1.3
Earth Magic    | |  1.3
Poison Magic   | |  1.3

Action                   || total
-------------------------++-------
Melee: Mace              ||    73
       Headbutt          ||     9
       Bite              ||     5
 Cast: Infusion          ||     7
       Song of Slaying   ||     1
  Eat: Chunk             ||     2
Armor: Leather armour    ||    22
Dodge: Dodged            ||    76
Block: Other             ||     1
